 Dungeon Crawl Stone Soup version 0.29.1-2-gbd0b4ee654 (webtiles) character file.

Game seed: 15141136993211045157

1269 LustLizard the Firebug (level 8, 0/66 HPs)
             Began as a Hill Orc Fire Elementalist on Nov 10, 2022.
             Was an Initiate of Beogh.
             Slain by a phantom (4 damage)
             ... on level 6 of the Dungeon.
             The game lasted 00:14:48 (7311 turns).

LustLizard the Firebug (Hill Orc Fire Elementalist) Turns: 7311, Time: 00:14:50

Health: 0/66       AC:  9    Str: 20    XL:     8   Next: 53%
Magic:  0/12       EV: 10    Int: 17    God:    Beogh [......]
Gold:   216        SH:  0    Dex:  9    Spells: 5/12 levels left

rFire   . . .      SeeInvis .   k - +1 dagger (speed)
rCold   . . .      Faith    .   (no shield)
rNeg    . . .      Spirit   .   u - +0 scale mail of Classification {rElec rPois Str+9 Dex-2}
rPois   +          Reflect  .   h - +0 helmet
rElec   +          Harm     .   D - +0 cloak
rCorr   .          Rampage  .   (no gloves)
Will    .....                   b - +0 pair of boots
Stlth   +.........              (no amulet)
HPRegen 0.21/turn               (no ring)
MPRegen 0.13/turn               (no ring)

@: no status effects
A: no striking features
a: Renounce Religion


You were on level 6 of the Dungeon.
You worshipped Beogh.
Beogh was noncommittal.
You visited 1 branch of the dungeon, and saw 6 of its levels.
You also visited: Ossuary.

You collected 216 gold pieces.

Inventory:

Hand Weapons
 k - a +1 dagger of speed (weapon)
Missiles
 c - 14 poisoned darts
Armour
 a - a +0 robe
 b - a +0 pair of boots (worn)
 h - a +0 helmet (worn)
 u - the +0 scale mail of Classification (worn) {rElec rPois Str+9 Dex-2}
   (You found it on level 2 of the Dungeon)

   Str:       It affects your strength (+9).
   Dex:       It affects your dexterity (-2).
   rElec:     It insulates you from electricity.
   rPois:     It protects you from poison.
 D - a +0 cloak (worn)
Jewellery
 y - an amulet of faith
Wands
 x - a wand of flame (20)
 B - a wand of roots (3)
Scrolls
 d - a scroll of torment {unknown}
 f - 2 scrolls of vulnerability {unknown}
 g - 2 scrolls of amnesia {unknown}
 j - 2 scrolls of magic mapping {unknown}
 n - 2 scrolls of poison {unknown}
 o - a scroll of immolation {unknown}
 p - a scroll of teleportation {unknown}
 s - 2 scrolls of fear {unknown}
 C - a scroll of blinking {unknown}
 E - a scroll of enchant weapon {unknown}
Potions
 e - 4 potions of curing
 i - a potion of berserk rage {unknown}
 l - 2 potions of invisibility
 m - 2 potions of flight
 q - a potion of degeneration {unknown}
 r - 4 potions of lignification
 v - a potion of resistance {unknown}
 w - 3 potions of brilliance {unknown}
 z - 2 potions of haste {unknown}
 A - a potion of ambrosia {unknown}


   Skills:
 + Level 3.8 Fighting
 * Level 0.9 Armour
 - Level 3.1 Dodging
 + Level 3.5 Stealth
 + Level 2.9 Spellcasting
 * Level 5.1 Conjurations
 * Level 6.4 Fire Magic


You had 5 spell levels left.
You knew the following spells:

 Your Spells              Type           Power      Damage    Failure   Level
a - Foxfire               Conj/Fire      88%        2x1d8     4%          1
b - Scorch                Fire           48%        2d7       6%          2
c - Flame Wave            Conj/Fire      22%        2d8       43%         4

Your spell library contained the following spells:

 Spells                   Type           Power      Damage    Failure   Level
 Conjure Flame            Conj/Fire      22%        6-21      14%         3
 Inner Flame              Hex/Fire       13%        N/A       38%         3
 Apportation              Tloc           4%         N/A       47%         1
 Necrotise                Necr           8%         1d4       47%         1
 Summon Small Mammal      Summ           8%         N/A       47%         1
 Ensorcelled Hibernation  Hex/Ice        4%         N/A       63%         2
 Ozocubu's Armour         Ice            2%         N/A       85%         3
 Spider Form              Tmut/Pois      2%         N/A       85%         3
 Summon Guardian Golem    Hex/Summ       2%         N/A       85%         3
 Anguish                  Hex/Necr       1%         N/A       99%         4
 Summon Ice Beast         Ice/Summ       2%         N/A       99%         4
 Metabolic Englaciation   Hex/Ice        1%         N/A       100%        5
 Summon Mana Viper        Hex/Summ       2%         N/A       100%        5
 Simulacrum               Ice/Necr       1%         N/A       100%        6
 Monstrous Menagerie      Summ           1%         N/A       100%        7
 Orb of Destruction       Conj           9%         9d6       100%        7
 Spellforged Servitor     Conj/Summ      5%         N/A       100%        7


Dungeon Overview and Level Annotations

Branches:
Dungeon (6/15)            Ossuary (visited)
 Temple: D:4-7

Altars:
Gozag
Uskayaw
Xom
Yredelemnul

Shops:
D:2 (


Message History

You hit the phantom but do no damage.
The phantom is almost destroyed.
The phantom closely misses you.
You barely miss the phantom.
The phantom is almost destroyed.
The phantom hits you.
* * * LOW HITPOINT WARNING * * *
You hit the phantom but do no damage.
The phantom is almost destroyed.
You hit the phantom but do no damage.
The phantom is almost destroyed.
The white imp hits you but does no damage.
The phantom hits you but does no damage.
Casting: Foxfire (safe; 4% risk of failure)
Confirm with . or Enter, or press ? or * to list all spells.
You conjure some foxfire!
The white imp completely misses you. The phantom closely misses you.
You hit the white imp.
The white imp is almost dead.
The foxfire hits the white imp.
The white imp is almost dead.
The foxfire hits the phantom.
The phantom is almost destroyed.
The phantom hits you but does no damage.
The white imp gestures at you. The puff of frost hits you.
* * * LOW HITPOINT WARNING * * *
You barely miss the white imp.
The white imp is almost dead.
You closely miss the white imp.
The white imp is almost dead.
The white imp barely misses you.
The phantom hits you but does no damage.
You hit the white imp but do no damage.
The white imp is almost dead.
The white imp gestures at you. The puff of frost hits you.
* * * LOW HITPOINT WARNING * * *
The phantom hits you.
You die...

.......## ##.##
#..........# ........#
#..# #.........##
........#####.##
...........
..........##..#
...#.###..#
..........#############
##.# ..........#
#........#
..........####........####
........#.......W......._#
......########..@5....####
...... #........# ......
########## ....


You could see a phantom and a white imp.

Vanquished Creatures
  Grinder (D:4)
  An ice beast (D:6)
  An ogre (D:4)
  2 lemures (D:6)
  Blork the orc (D:5)
  2 scorpions (D:5)
  A howler monkey (D:5)
  A centaur zombie (Ossuary)
  2 jellies
  A hound (D:5)
  Crazy Yiuf (D:5)
  Ijyb (D:5)
  8 iguanas
  2 orc wizards
  2 mummies
  2 howler monkey zombies (D:6)
  Robin (D:4)
  A gnoll (D:4)
  6 adders
  A white imp (D:5)
  2 ufetubi (D:4)
  2 worms
  2 dart slugs
  17 orcs
  9 ball pythons
  4 endoplasms
  3 giant cockroaches
  4 hobgoblins
  2 jackals (D:2)
  5 kobolds
  3 quokkas
  8 bats
  6 frilled lizards
  16 goblins
  A jackal zombie (D:4)
  7 rats
129 creatures vanquished.

Vanquished Creatures (collateral kills)
  A foxfire (D:1)
1 creature vanquished.

Vanquished Creatures (others)
  A sky beast (D:6)
  An orc wizard (D:6)
  An ufetubus (D:6)
  372 foxfires
  2 withered plants (Ossuary)
377 creatures vanquished.

Grand Total: 507 creatures vanquished

Notes
Turn   | Place    | Note
-------+----------+-------------------------------------------
     0 | D:1      | LustLizard the Hill Orc Fire Elementalist began the quest
                  | for the Orb.
     0 | D:1      | Reached XP level 1. HP: 14/14 MP: 3/3
   169 | D:1      | Reached XP level 2. HP: 22/22 MP: 1/4
   639 | D:2      | Reached XP level 3. HP: 14/27 MP: 0/5
  1415 | D:2      | Reached skill level 1 in Fighting
  1415 | D:2      | Reached XP level 4. HP: 29/35 MP: 0/6
  1819 | D:2      | Found Xanub's Weapon Boutique.
  2032 | D:2      | Identified the +0 scale mail of Classification {rElec rPois
                  | Str+9 Dex-2}
  2252 | D:3      | Found a faded altar of an unknown god.
  2260 | D:3      | Reached skill level 4 in Fire Magic
  2354 | D:3      | Found an opulent altar of Gozag.
  2471 | D:3      | Found a shimmering altar of Xom.
  2681 | D:3      | Reached XP level 5. HP: 29/40 MP: 1/7
  2847 | D:3      | Found a hide-covered altar of Uskayaw.
  3270 | D:3      | Learned a level 2 spell: Scorch
  3331 | D:4      | Noticed Robin
  3420 | D:4      | Killed Robin
  3520 | D:4      | Found a sand-covered staircase.
  3535 | Ossuary  | Entered an ossuary
  3578 | Ossuary  | HP: 2/41 [bullfrog zombie (2)]
  3910 | D:4      | Reached XP level 6. HP: 48/48 MP: 6/9
  4213 | D:4      | Noticed Grinder
  4223 | D:4      | Killed Grinder
  4224 | D:4      | Reached skill level 5 in Fire Magic
  4309 | D:4      | Reached XP level 7. HP: 56/56 MP: 5/10
  4758 | D:4      | Noticed a yak
  4955 | D:5      | Entered Level 5 of the Dungeon
  4955 | D:5      | Noticed Ijyb
  4961 | D:5      | Killed Ijyb
  5200 | D:5      | Found a runed translucent door.
  5201 | D:5      | Noticed Crazy Yiuf
  5420 | D:5      | Learned a level 4 spell: Flame Wave
  5716 | D:5      | Noticed Blork the orc
  5723 | D:5      | Killed Blork the orc
  5823 | D:5      | Reached XP level 8. HP: 63/63 MP: 1/11
  6264 | D:5      | Reached skill level 6 in Fire Magic
  6544 | D:5      | Killed Crazy Yiuf
  6969 | D:6      | Became a worshipper of Beogh the Brigand
  6977 | D:6      | Reached skill level 5 in Conjurations
  7271 | D:6      | Found a basalt altar of Yredelemnul.
  7311 | D:6      | Slain by a phantom

Illustrated notes

Levels and vault maps discovered:
D:1:      erik_arrival_blinker_ship, layout_rooms
D:2:      layout_basic, serial_shops, nicolae_shop_bloodbath_and_beyond,
          minmay_shallow_snake_nest
D:3:      layout_loops_ring, grunt_gozag_breadcrumbs,
          mainiacjoe_overflow_concentric_impassable, lemuel_tele_altar,
          chequers_ecumenical_altar_island, hangedman_abyss_or_decor_lesser_grid
D:4:      minmay_chambers_of_fours, layout_gridville, enter_ossuary_3,
          uniq_grinder, uniq_robin
D:5:      layout_cave_pods, kennysheep_nondescript, uniq_crazy_yiuf_cottage,
          uniq_blork_the_orc, uniq_ijyb
D:6:      layout_cave_pools, nicolae_wu_jian_immortal_techniques,
          lemuel_zombie_altar_yredelemnul, minmay_temple_entry_offerings,
          hangedman_decor_growths, nicolae_specific_store, uniq_duvessa,
          uniq_pikel

Skill      XL: |  1  2  3  4  5  6  7  8 |
---------------+-------------------------+-----
Conjurations   | 2 3 4 5 |  5.1
Fighting       | 1 2 3 |  3.8
Stealth        | 2 3 |  3.5
Fire Magic     | 4 5 6 |  6.4
Dodging        | 2 3 |  3.1
Spellcasting   | 2 |  2.9
Armour         | |  0.9

Action                   |  1- 3 |  4- 6 |  7- 9 || total
-------------------------+-------+-------+-------++-------
Melee: Dagger            |    20 |    77 |    89 ||   186
       Punch             |       |     1 |       ||     1
 Cast: Foxfire           |    47 |    79 |    88 ||   214
       Scorch            |       |    10 |    40 ||    50
Invok: Convert to Beogh  |       |       |     1 ||     1
  Use: Scroll            |       |     4 |     1 ||     5
       Potion            |       |     1 |     2 ||     3
Armor: Robe              |     4 |     2 |       ||     6
       Scale mail        |       |    40 |    44 ||    84
Dodge: Dodged            |    15 |    47 |    46 ||   108
